 Dungeon Crawl Stone Soup version 0.26-a0-958-gf3041fb45f (webtiles) character file.

Game seed: 10568532985506107496

183 melchizedek the Grave Robber (level 5, -7/35 HPs)
             Began as a Mummy Necromancer on Nov 30, 2020.
             Killed by divine providence
             ... invoked by an orc priest
              (13 damage)
             ... on level 4 of the Dungeon.
             The game lasted 00:09:58 (3505 turns).

melchizedek the Grave Robber (Mummy Necromancer)    Turns: 3505, Time: 00:09:59

Health: -7/35      AC:  6    Str: 12    XL:     5   Next: 35%
Magic:  14/20      EV: 11    Int: 15    God:
Gold:   206        SH:  0    Dex: 12    Spells: 10/12 levels left

rFire    x . .     SeeInvis .   b - +2 dagger (drain)
rCold    + . .     Faith    .   (no shield)
rNeg     + + +     Spirit   .   j - +0 leather armour
rPois    ∞         Reflect  .   (no helmet)
rElec    .         Harm     .   c - +2 cloak
rCorr    .         Rampage  .   (no gloves)
MR       +....                  (no boots)
Stlth    ++........             (no amulet)
HPRegen  0.11/turn              e - ring of protection from magic
MPRegen  0.17/turn              m - ring of magical power

@: no status effects
A: no potions, fire vulnerability, cold resistance 1, negative energy resistance
3, torment resistance, unbreathing
a: no special abilities


You were on level 4 of the Dungeon.
You visited 1 branch of the dungeon, and saw 4 of its levels.

You collected 206 gold pieces.

Inventory:

Hand Weapons
 a - a +0 short sword of speed
 b - a +2 dagger of draining (weapon)
 i - a +1 dagger of speed
Armour
 c - a +2 cloak (worn)
 d - a +0 robe
 j - a +0 leather armour (worn)
Jewellery
 e - a ring of protection from magic (left hand)
 m - a ring of magical power (right hand)
Scrolls
 f - 2 scrolls of identify {unknown}
 g - a scroll of teleportation {unknown}
 h - 4 scrolls of magic mapping {unknown}
 k - a scroll of enchant weapon {unknown}
 l - 2 scrolls of remove curse {unknown}


   Skills:
 - Level 1.5 Dodging
 - Level 1.8 Stealth
 + Level 4.3 Spellcasting
 * Level 5.9 Necromancy


You had 10 spell levels left.
You knew the following spells:

 Your Spells              Type           Power        Failure   Level
a - Pain                  Necr           ###.         1%          1
b - Animate Skeleton      Necr           ###...       1%          1

Your spell library contained the following spells:

 Spells                   Type           Power        Failure   Level
 Vampiric Draining        Necr           ###.......   6%          3
 Animate Dead             Necr           ###.......   19%         4
 Agony                    Necr           ###.....     47%         5


Dungeon Overview and Level Annotations

Branches:
Dungeon (4/15)
 Temple: D:4-7

Altars:
Hepliaklqana
Kikubaaqudgha
Uskayaw

Annotations:
D:3 1 runed translucent door, Steadysplat's ghost, novice GnWn


Innate Abilities, Weirdness & Mutations

You do not drink.
Your flesh is vulnerable to fire.
You are immune to poison.
Your flesh is cold resistant. (rC+)
You are immune to negative energy. (rN+++)
You are immune to unholy pain and torment.
You can survive without breathing.


Message History

Aiming: Pain (safe; 1% risk of failure)
Press: ? - help, Shift-Dir - straight line, f/p - orc priest
Aim: an orc priest, wielding a +0 mace and wearing a +0 ring mail (severely wounded, chance to defeat MR: 80%)
The orc priest barely resists.
The orc priest hits you but does no damage.
Casting: Pain (safe; 1% risk of failure)
Confirm with . or Enter, or press ? or * to list all spells.
Aiming: Pain (safe; 1% risk of failure)
Press: ? - help, Shift-Dir - straight line, f/p - orc priest
Aim: an orc priest, wielding a +0 mace and wearing a +0 ring mail (severely wounded, chance to defeat MR: 80%)
The orc priest barely resists.
Casting: Pain (safe; 1% risk of failure)
Confirm with . or Enter, or press ? or * to list all spells.
Aiming: Pain (safe; 1% risk of failure)
Press: ? - help, Shift-Dir - straight line, f/p - orc priest
Aim: an orc priest, wielding a +0 mace and wearing a +0 ring mail (severely wounded, chance to defeat MR: 80%)
The orc priest writhes in agony.
The orc priest mumbles some strange prayers to Beogh against you.
Beogh smites you!
You die...

#.#####
...... #.#
.o.... #.#
...)..# #.#
....... #.#
...o...###.#
........##.#
........##.#
#..##@#
#...o.#
#.##### #.
#. #. #. ##


You could see an orc priest.

Vanquished Creatures
  Terence (D:2)
  A worker ant (D:2)
  7 adders
  A worm (D:2)
  3 leopard geckos
  An orc (D:3)
  2 ball pythons
  A bat zombie (D:3)
  7 giant cockroaches
  2 goblins
  12 hobgoblins
  2 jackals (D:1)
  4 bats
  4 frilled lizards
  10 kobolds
  8 rats
  A rat zombie (D:3)
67 creatures vanquished.

Vanquished Creatures (collateral kills)
  A giant cockroach (D:3)
  A kobold (D:2)
  A rat (D:2)
3 creatures vanquished.

Grand Total: 70 creatures vanquished

Notes
Turn   | Place    | Note
-------+----------+-------------------------------------------
     0 | D:1      | melchizedek the Mummy Necromancer began the quest for the
                  | Orb.
     0 | D:1      | Reached XP level 1. HP: 13/13 MP: 4/4
   338 | D:1      | Reached XP level 2. HP: 19/19 MP: 2/5
   373 | D:1      | Learned a level 1 spell: Animate Skeleton
   938 | D:2      | Reached XP level 3. HP: 24/24 MP: 3/7
  1230 | D:2      | Reached skill level 5 in Necromancy
  1230 | D:2      | Reached XP level 4. HP: 26/30 MP: 4/9
  1641 | D:2      | Found a hazy altar of Hepliaklqana.
  1729 | D:2      | Noticed Terence
  1836 | D:2      | Killed Terence
  2441 | D:3      | Reached XP level 5. HP: 32/35 MP: 11/11
  2628 | D:3      | Found a hide-covered altar of Uskayaw.
  2788 | D:3      | Found a runed translucent door.
  2788 | D:3      | Noticed Steadysplat's ghost (novice GnWn)
  3047 | D:3      | Found an ancient bone altar of Kikubaaqudgha.
  3160 | D:3      | Found a faded altar of an unknown god.
  3505 | D:4      | Killed from afar by an orc priest

Illustrated notes

Levels and vault maps discovered:
D:1:      eino_arrival_tree_alley, layout_basic
D:2:      layout_loops_ring, general_overflow_altar, minmay_tall_x, uniq_terence
D:3:      layout_basic, lemuel_zombie_altar_kikubaaqudgha,
          eat_drink_and_be_merry_uskayaw, ebering_ghost_inner_flame,
          chequers_ecumenical_altar_lobes
D:4:      minmay_general_purpose_star, layout_basic, lemuel_round_altar,
          minmay_temple_entry_arrows

Skill      XL: |  1  2  3  4 |
---------------+-------------+-----
Spellcasting   | 3 4 |  4.3
Necromancy     | 5 |  5.9
Dodging        | |  1.5
Stealth        | |  1.8

Action                   |  1- 3 |  4- 6 || total
-------------------------+-------+-------++-------
Melee: Unarmed           |     8 |       ||     8
       Dagger            |    12 |    23 ||    35
       Short sword       |       |    13 ||    13
 Cast: Pain              |    47 |    69 ||   116
       Animate Skeleton  |     6 |     7 ||    13
 Stab: Sleeping          |       |     2 ||     2
Armor: Robe              |     5 |     5 ||    10
       Leather armour    |       |    16 ||    16
Dodge: Dodged            |    14 |    36 ||    50

Table legend: (Time is in decaauts)
 A = Elapsed time spent in this place.
 B = Non-inter-level travel time spent in this place.
 C = Inter-level travel time spent in this place.
 D = Time resting spent in this place.
 E = Time spent auto-exploring this place.
 F = Levels seen in this place.
 G = Mean time per level.
                   A        B        C        D        E       F      G
               +--------+--------+--------+--------+--------+-----+--------+
         Total |   3493 |   3288 |    205 |    580 |   2168 |   4 |  873.2 |
       Dungeon |   3493 |   3288 |    205 |    580 |   2168 |   4 |  873.2 |
               +--------+--------+--------+--------+--------+-----+--------+

Top non-repeatable levels by time:
     D:2: 1388 daAuts
     D:3: 1125 daAuts
     D:1: 933 daAuts
     D:4: 45 daAuts
